AoeStats
← GAX | Urubu

Arabia

507189944Analyzed
3v3 RM · 16d ago on Sep 17, 2026· 26m 14s· 6 players
Game mode
Random Map
Map size
Normal (6 player)
Population
200
Speed
Normal
Resources
Standard
Victory
Conquest
Starting age
Dark Age
Ending age
Imperial Age
RankedLock teamsTeams togetherTeam positionsShared explorationLock speedFull tech treeHidden civsTurbo modeCheats
Victory
Defeat
🇧🇷 Mongols · Brazil
1676
+9
🇧🇷 Ethiopians · Brazil
1585
+13
🇧🇷 Gurjaras · Brazil
1318
+22
🇨🇳 Vietnamese · China
1613
-19
🇲🇽 Teutons · Mexico
1490
-14
🇺🇸 Inca · United States
1408
-11
GAX | toooasty
5:05 Loom
9:21 Feudal Age
16:15 Scale Barding Armor
17:34 Forging
23:28 Castle Age
21:29 Gold Mining
22:10 Bloodlines
24:40 Chain Barding Armor
24:23 Husbandry
24:34 Double-Bit Axe
GAX | Urubu
6:51 Loom
9:19 Feudal Age
10:00 Double-Bit Axe
13:44 Horse Collar
14:32 Fletching
22:14 Castle Age
21:20 Padded Archer Armor
21:13 Gold Mining
22:22 Crossbowman
22:59 Bodkin Arrow
GAX | Tyrav
6:51 Loom
9:01 Feudal Age
10:31 Double-Bit Axe
13:42 Fletching
22:33 Castle Age
22:12 Padded Archer Armor
22:13 Horse Collar
22:24 Gold Mining
23:11 Bodkin Arrow
22:37 Crossbowman
22:41 Crossbowman
25:36 Ballistics
25:56 Thumb Ring
joniis1095
6:31 Loom
9:30 Feudal Age
10:10 Double-Bit Axe
12:34 Horse Collar
18:25 Scale Barding Armor
20:21 Forging
25:13 Castle Age
23:25 Bloodlines
23:56 Gold Mining
23:57 Stone Mining
26:15 Chain Barding Armor
26:30 Iron Casting
26:37 Bow Saw
26:30 Heavy Plow
TheLowercasee
7:47 Loom
10:21 Feudal Age
13:11 Double-Bit Axe
15:10 Fletching
16:08 Padded Archer Armor
18:27 Wheelbarrow
21:36 Horse Collar
26:58 Castle Age
昙花生
3:02 Loom
10:33 Feudal Age
11:08 Double-Bit Axe
14:51 Horse Collar
15:33 Fletching
21:20 Town Watch
21:46 Padded Archer Armor
23:03 Wheelbarrow
26:36 Castle Age
25:46 Gold Mining
Connection lost

Rejoining the realm…

Still unreachable

The connection could not be restored.

Session expired

The server has moved on; the page needs a fresh start.